 Dungeon Crawl Stone Soup version 0.21-a0-352-g5b8f553 (webtiles) character file.

102 Hasart the Chopper (level 4, 0/39 HPs)
             Began as a Minotaur Chaos Knight on Oct 11, 2017.
             Slain by a hobgoblin (2 damage)
             ... led by Robin
             ... on level 2 of the Dungeon.
             The game lasted 00:01:35 (860 turns).

Hasart the Chopper (Minotaur Chaos Knight)           Turns: 860, Time: 00:01:35

Health: 0/39       AC:  5    Str: 17    XL:     4   Next: 49%
Magic:  3/3        EV: 11    Int:  9    God:    Xom [..*...]
Gold:   78         SH:  0    Dex: 10    Spells: 3/3 levels left

rFire    . . .     SeeInvis .   a - +0 hand axe (chaos)
rCold    . . .     Gourm    .   (no shield)
rNeg     . . .     Faith    .   b - +2 leather armour
rPois    .         Spirit   .   (helmet restricted)
rElec    .         Reflect  .   (no cloak)
rCorr    .         Harm     .   (no gloves)
MR       .....                  (no boots)
Stlth    +.........             (no amulet)
HPRegen  0.13/turn              (no ring)
MPRegen  0.08/turn              (no ring)

@: no status effects
A: retaliatory headbutt, horns 2
a: Renounce Religion


You were on level 2 of the Dungeon.
You worshipped Xom.
You were a toy of Xom.
You were not hungry.

You visited 1 branch of the dungeon, and saw 2 of its levels.

You collected 78 gold pieces.

Inventory:

Hand Weapons
 a - a +0 hand axe of chaos (weapon)
Armour
 b - a +2 leather armour (worn)
Jewellery
 d - a cursed ring of loudness {unknown}
Scrolls
 f - 4 scrolls of recharging {unknown}
 i - 2 scrolls of remove curse {unknown}
 j - a scroll of teleportation {unknown}
 k - a scroll of identify {unknown}
Potions
 e - a potion of mutation {unknown}
 h - a potion of heal wounds {unknown}
 l - a potion of curing {unknown}
 m - a potion of flight {unknown}
Comestibles
 c - 2 bread rations
 g - 4 chunks of flesh


   Skills:
 - Level 3.6 Fighting
 + Level 6.4 Axes
 - Level 2.4 Armour
 - Level 1.1 Dodging


You had 3 spell levels left.
You didn't know any spells.

Dungeon Overview and Level Annotations

Branches:
Dungeon (2/15)

Altars:

Annotations:
D:2 Robin


Innate Abilities, Weirdness & Mutations

You reflexively headbutt those who attack you in melee.
You have a pair of horns on your head.


Message History

Unknown command.
You hit Robin. You burn Robin.
Robin is heavily wounded.
You hit something but do no damage. x2; Something hits you but does no damage.
Robin hits you with a spear. Something hits you.
* * * LOW HITPOINT WARNING * * *
You hit Robin.
Robin is poisoned.
Your headbutt misses Robin.
Robin is heavily wounded.
You barely miss something. You hit something but do no damage.
Something hits you.
* * * LOW HITPOINT WARNING * * *
Robin hits you with a spear.
* * * LOW HITPOINT WARNING * * *
Some of the chunks of flesh in your inventory have rotted away.
You hit Robin.
Robin looks as sick as possible!
Robin is severely wounded.
You hit something but do no damage. You closely miss something.
Something hits you but does no damage. Something hits you.
You die... "This toy is broken."

..
........)..........
#.
.###....)..........
..
.....#.........#...
##
..###............#.
. #...........##
#...........?.#
.........)†...###
##........))......
........{@{.####.
#.........g##
.............
.##.....##....
....... ......
##..... ......
###### ...... .....


You could see Robin.

Vanquished Creatures
  Jessica (D:2)
  4 adders (D:2)
  A dart slug (D:1)
  A leopard gecko (D:2)
  A ball python (D:2)
  3 giant cockroaches
  11 goblins
  3 hobgoblins
  2 bats (D:1)
  5 kobolds
  5 rats
37 creatures vanquished.

Notes
Turn   | Place    | Note
-------+----------+-------------------------------------------
     0 | D:1      | Hasart the Minotaur Chaos Knight began the quest for the Orb.
     0 | D:1      | Reached XP level 1. HP: 19/19 MP: 0/0
   111 | D:1      | Reached skill level 4 in Axes
   137 | D:1      | Reached XP level 2. HP: 26/26 MP: 1/1
   480 | D:1      | XOM: divination: magic mapping
   503 | D:2      | Reached skill level 5 in Axes
   573 | D:2      | Reached XP level 3. HP: 23/31 MP: 2/2
   769 | D:2      | XOM: silly message
   793 | D:2      | XOM: potion effect (agility)
   822 | D:2      | Noticed Jessica
   829 | D:2      | Killed Jessica
   829 | D:2      | Reached skill level 6 in Axes
   829 | D:2      | Reached XP level 4. HP: 38/39 MP: 3/3
   848 | D:2      | Noticed Robin
   860 | D:2      | Slain by a hobgoblin

Vault maps used:
D:1:      minmay_arrival_four_circles
D:2:      uniq_robin, uniq_jessica

Skill      XL: |  1  2  3 |
---------------+----------+-----
Axes           | 4 5 6 |  6.4
Fighting       | |  3.6
Armour         | |  2.4
Dodging        | |  1.1

Action                   |  1- 3 |  4- 6 || total
-------------------------+-------+-------++-------
Melee: Hand axe          |    49 |    17 ||    66
       Headbutt          |     8 |       ||     8
 Stab: Sleeping          |     1 |       ||     1
Armor: Leather armour    |    13 |     6 ||    19
Dodge: Dodged            |    29 |    13 ||    42

Table legend:
 A = Spawn XP
 B = Non-spawn XP
 C = Spawn XP percentage of total XP
 D = Spawn monster count
 E = Non-spawn monster count
 F = Spawn count percentage of total count
 G = Total turns spent on level
                    A         B        C        D         E        F      G
               +---------+---------+-------+---------+---------+-------+---------
         Total |       0 |     146 |   0.0 |       0 |      37 |   0.0 |   860
               +---------+---------+-------+---------+---------+-------+---------
           D:1 |       0 |      23 |   0.0 |       0 |      14 |   0.0 |   486
           D:2 |       0 |     123 |   0.0 |       0 |      23 |   0.0 |   374
               +---------+---------+-------+---------+---------+-------+---------
